 Dungeon Crawl Stone Soup version 0.24.0-13-gcf9b319 (webtiles) character file.

Game seed: 16314757818422635934, levelgen mode: deterministic

280 Bronimir the Chopper (level 6, -1/50 HPs)
             Began as a Centaur Gladiator on May 9, 2020.
             Was a Follower of Nemelex Xobeh.
             Slain by a slave (7 damage)
             ... led by Pikel
             ... on level 4 of the Dungeon.
             The game lasted 00:04:58 (3329 turns).

Bronimir the Chopper (Centaur Gladiator)            Turns: 3329, Time: 00:04:59

Health: -1/50      AC:  8    Str: 19    XL:     6   Next: 5%
Magic:  6/6        EV:  8    Int:  7    God:    Nemelex Xobeh [*.....]
Gold:   154        SH:  0    Dex: 10    Spells: 5/5 levels left

rFire    . . .     SeeInvis .   a - +0 war axe
rCold    . . .     Gourm    .   (no shield)
rNeg     . . .     Faith    .   l - +0 scale mail
rPois    .         Spirit   .   c - +1 helmet
rElec    .         Reflect  .   (no cloak)
rCorr    .         Harm     .   (no gloves)
MR       .....                  (no barding)
Stlth    ..........             p - amulet of the acrobat
HPRegen  0.16/turn              (no ring)
MPRegen  0.10/turn              (no ring)

@: very quick
A: large, hooves 3, deformed body, speed 2, tough skin 3
a: Draw Escape, Draw Destruction, Draw Summoning, Renounce Religion


You were on level 4 of the Dungeon.
You worshipped Nemelex Xobeh.
Nemelex Xobeh was aware of your devotion.
You were not hungry.

You visited 1 branch of the dungeon, and saw 4 of its levels.

You collected 154 gold pieces.

Inventory:

Hand Weapons
 a - a +0 war axe (weapon)
 o - a +0 spear
Missiles
 d - 3 throwing nets
 g - 100 stones
 i - 22 sling bullets
 k - 86 arrows
 t - 9 boomerangs (quivered)
 v - 34 bolts
 x - 18 poisoned darts
Armour
 b - a +0 leather armour
 c - a +1 helmet (worn)
 l - a +0 scale mail (worn)
Jewellery
 p - an amulet of the acrobat (around neck)
Wands
 r - a wand of acid (8)
Scrolls
 e - 6 scrolls of identify
 m - a scroll of enchant armour
 s - a scroll of remove curse
 w - a scroll of enchant weapon {unknown}
 y - a scroll of immolation
Potions
 h - a potion of berserk rage
 j - a potion of lignification {unknown}
 n - a potion of flight {unknown}
 q - a potion of agility {unknown}
 u - a potion of cancellation {unknown}
 A - a potion of magic {unknown}
Comestibles
 f - 10 rations
 z - a chunk of flesh


   Skills:
 * Level 2.4 Fighting
 * Level 4.4 Axes
 + Level 2.2 Throwing
 * Level 2.0 Armour
 * Level 2.5 Dodging
 * Level 2.0 Unarmed Combat
 * Level 0.8 Invocations


You had 5 spell levels left.
You didn't know any spells.
Your spell library was empty.

Dungeon Overview and Level Annotations

Branches:
Dungeon (4/15)
 Temple: D:4-7

Altars:
Makhleb
Nemelex Xobeh
Qazlal
Wu Jian
Zin

Annotations:
D:4 Pikel


Innate Abilities, Weirdness & Mutations

You have hooves in place of feet.
Armour fits poorly on your strangely shaped body.
You cover ground very quickly.
You have extremely tough skin. (AC +3)


Message History

Pikel hits you but does no damage. The slave hits you but does no damage.
The slave hits you.
You hit Pikel. Your kick misses Pikel.
Pikel is lightly wounded.
You hit the slave. You slash the slave! You closely miss the slave.
The slave hits you.
Pikel hits you with a +0 whip of flaming.
Pikel burns you.
The slave hits you. x2; The slave hits you!
Your scale mail prevents you from hitting Pikel.
Pikel is lightly wounded.
You hit the slave. You barely miss the slave.
You hit the slave but do no damage.
The howler monkey hoots and howls with incredible vigour!
Pikel hits you but does no damage. The slave hits you!
* * * LOW HITPOINT WARNING * * *
The slave hits you.
* * * LOW HITPOINT WARNING * * *
The slave hits you!
You die...
Your body disappears without a glow.

......####..#.###
......#.....#.###
......#.##......##
......# #.###...###
.....†# ##.#E#...#E# #
.####.#.##.###...###.#
.# #.....#...........#
.# #.....#.....p....##
.# #.....##....p@p..#
.
#.......###.Kp###...#
##.#....#E#..h#E###.#
#.########...### ...
.##.# #.. .. #.# ...
... .## ...


You could see an earth elemental, a water elemental, Pikel, a fire elemental, an
air elemental, 4 slaves and a howler monkey.

Vanquished Creatures
  A scorpion (D:4)
  A crimson imp (D:4)
  A worker ant (D:3)
  8 adders
  An ooze (D:2)
  An adder zombie (D:3)
  3 worms
  3 dart slugs
  2 leopard geckos (D:1)
  7 orcs
  A ball python (D:3)
  4 bats
  4 giant cockroaches
  9 goblins
  4 hobgoblins
  3 jackals (D:2)
  8 kobolds
  A quokka (D:4)
  5 frilled lizards
  5 rats
72 creatures vanquished.

Notes
Turn   | Place    | Note
-------+----------+-------------------------------------------
     0 | D:1      | Bronimir the Centaur Gladiator began the quest for the Orb.
     0 | D:1      | Reached XP level 1. HP: 17/17 MP: 1/1
   305 | D:1      | Reached skill level 3 in Axes
   354 | D:1      | Reached XP level 2. HP: 24/24 MP: 2/2
   702 | D:1      | Reached skill level 1 in Unarmed Combat
   942 | D:2      | Reached XP level 3. HP: 29/29 MP: 3/3
  1285 | D:2      | Found a sparkling altar of Nemelex Xobeh.
  1507 | D:2      | Became a worshipper of Nemelex Xobeh the Trickster
  1553 | D:3      | Reached XP level 4. HP: 32/36 MP: 4/4
  1586 | D:3      | Reached skill level 1 in Armour
  2114 | D:3      | Found a faded altar of an unknown god.
  2139 | D:3      | Received a gift from Nemelex Xobeh
  2239 | D:3      | Noticed a cacodemon
  2240 | D:3      | Found a burning altar of Makhleb.
  2243 | D:3      | Found a glowing silver altar of Zin.
  2243 | D:3      | Noticed an angel
  2319 | D:3      | Reached XP level 5. HP: 34/41 MP: 5/5
  2323 | D:3      | Reached skill level 4 in Axes
  2798 | D:3      | Found an ornate altar of the Wu Jian Council.
  3140 | D:4      | Reached XP level 6. HP: 41/50 MP: 6/6
  3313 | D:4      | Reached * piety under Nemelex Xobeh
  3314 | D:4      | Noticed a water elemental
  3316 | D:4      | Found a stormy altar of Qazlal.
  3317 | D:4      | Noticed a fire elemental
  3317 | D:4      | Noticed an air elemental
  3318 | D:4      | Noticed a slave
  3319 | D:4      | Noticed Pikel
  3320 | D:4      | Noticed a slave
  3321 | D:4      | Noticed a slave
  3322 | D:4      | Noticed a slave
  3329 | D:4      | Slain by a slave

Levels and vault maps discovered:
D:1:      onia_arrival_pentagram, layout_basic, minmay_indecisive_spiral
D:2:      layout_basic, first_ration, nemelex_dance_club_becter
D:3:      minmay_inner_zag, layout_basic,
          grunt_temple_overflow_order_and_chaos_2, lemuel_round_altar,
          chequers_ecumenical_altar_island
D:4:      layout_basic, minitemple, nicolae_qazlal_style_of_elements, uniq_pikel

Skill      XL: |  1  2  3  4  5  6 |
---------------+-------------------+-----
Axes           | 3 4 |  4.4
Unarmed Combat | 1 2 |  2.0
Armour         | 1 2 |  2.0
Fighting       | |  2.4
Throwing       | |  2.2
Dodging        | |  2.5
Invocations    | |  0.8

Action                   |  1- 3 |  4- 6 || total
-------------------------+-------+-------++-------
Melee: War axe           |    92 |   115 ||   207
       Kick              |    24 |    23 ||    47
  Use: Scroll            |       |     4 ||     4
  Eat: Chunk             |       |     6 ||     6
Armor: Leather armour    |    17 |       ||    17
       Scale mail        |    24 |    79 ||   103
Dodge: Dodged            |    41 |    56 ||    97
